 Dungeon Crawl Stone Soup version 0.26.0-45-g9c1d065592 (webtiles) character file.

Game seed: 16153669296661511508

93 thiole the Sneak (level 4, -1/27 HPs)
             Began as an Octopode Hedge Wizard on Jan 27, 2021.
             Slain by an orc wizard
             ... wielding a +0 dagger
              (2 damage)
             ... on level 3 of the Dungeon.
             The game lasted 00:03:26 (3655 turns).

thiole the Sneak (Octopode Hedge Wizard)            Turns: 3655, Time: 00:03:27

Health: -1/27      AC:  1    Str:  9    XL:     4   Next: 62%
Magic:  1/9        EV: 13    Int: 17    God:
Gold:   81         SH:  0    Dex: 11    Spells: 2/10 levels left

rFire    . . .     SeeInvis .   r - +0 war axe (pain)
rCold    . . .     Faith    .   (no shield)
rNeg     . . .     Spirit   .   b - +0 hat
rPois    +         Reflect  .   (no amulet)
rElec    .         Harm     .   o - ring of poison resistance
rCorr    .         Rampage  .   (no ring)
Will     .....                  (no ring)
Stlth    +++.......             (no ring)
HPRegen  0.09/turn              (no ring)
MPRegen  0.11/turn              (no ring)
                                (no ring)
                                (no ring)

@: brilliant
A: almost no armour, stealthy swim, amphibious, 8 rings, constrict 8, camouflage
1, gelatinous body 1
a: no special abilities


You were on level 3 of the Dungeon.
You visited 1 branch of the dungeon, and saw 3 of its levels.

You collected 81 gold pieces.

Inventory:

Hand Weapons
 a - a +0 dagger
 r - a +0 war axe of pain (weapon)
Missiles
 n - 42 stones
Armour
 b - a +0 hat (worn)
Jewellery
 o - a ring of poison resistance (left tentacle)
Scrolls
 d - a scroll of random uselessness {unknown}
 g - a scroll of amnesia {unknown}
 j - a scroll of noise {unknown}
 q - a scroll of enchant armour {unknown}
Potions
 e - a potion of attraction {unknown}
 f - a potion of invisibility {unknown}
 h - a potion of brilliance
 i - 2 potions of degeneration {unknown}
 k - a potion of lignification {unknown}
 l - 2 potions of mutation {unknown}
 p - a potion of might {unknown}


   Skills:
 - Level 2.0 Dodging
 + Level 4.3 Stealth
 + Level 3.7 Spellcasting
 - Level 2.0 Conjurations
 - Level 2.0 Summonings
 - Level 1.0 Translocations


You had 2 spell levels left.
You knew the following spells:

 Your Spells              Type           Power        Failure   Level
a - Magic Dart            Conj           56%          7%          1
b - Call Imp              Summ           14%          11%         2
c - Blink                 Tloc           N/A          16%         2
d - Mephitic Cloud        Conj/Pois/Air  8%           36%         3

Your spell library contained the following spells:

 Spells                   Type           Power        Failure   Level
 Slow                     Hex            4%           24%         2
 Conjure Flame            Conj/Fire      9%           32%         3


Dungeon Overview and Level Annotations

Branches:
Dungeon (3/15)

Altars:


Innate Abilities, Weirdness & Mutations

You cannot wear most types of armour.
You are very stealthy in the water. (Stealth+)
You are amphibious.
You can wear up to eight rings at the same time.
You can use your tentacles to constrict eight enemies at once.
Your skin changes colour to match your surroundings (Stealth+).
Your rubbery body absorbs attacks. (AC +1, EV +1)


Message History

Something hits you.
You hit the orc priest. Your grab misses the orc priest.
The orc priest is heavily wounded.
You miss something. The orc priest hits you. Something hits you.
The orc priest barely misses you.
You closely miss the orc priest. Your grab misses the orc priest.
The orc priest is heavily wounded.
You miss something. Something hits you.
* * * LOW HITPOINT WARNING * * *
The orc priest hits you.
* * * LOW HITPOINT WARNING * * *
Something hits you.
* * * LOW HITPOINT WARNING * * *
It was a potion of brilliance.
You feel clever all of a sudden. The orc priest closely misses you.
Something hits you.
You die...

..............[..##
..................#
...>..............#
...............(..#
..................#
..................#
.................#
#.....o........##
##....@##.....##
##.#.######### #...
#... #.... ......
###.... .....


You could see an orc priest.

Vanquished Creatures
  Crazy Yiuf (D:2)
  An ooze (D:2)
  3 leopard geckos (D:1)
  3 orcs (D:3)
  4 giant cockroaches
  6 hobgoblins
  A quokka (D:2)
  11 bats
  6 frilled lizards
  6 goblins
  7 kobolds
  10 rats
59 creatures vanquished.

Notes
Turn   | Place    | Note
-------+----------+-------------------------------------------
     0 | D:1      | thiole the Octopode Hedge Wizard began the quest for the
                  | Orb.
     0 | D:1      | Reached XP level 1. HP: 11/11 MP: 4/4
   380 | D:1      | Reached skill level 3 in Stealth
   380 | D:1      | Reached XP level 2. HP: 16/17 MP: 0/6
  1000 | D:1      | Reached XP level 3. HP: 21/21 MP: 4/7
  1705 | D:2      | Learned a level 2 spell: Call Imp
  1708 | D:2      | Learned a level 2 spell: Blink
  1712 | D:2      | Learned a level 3 spell: Mephitic Cloud
  1936 | D:2      | Found a runed translucent door.
  1937 | D:2      | Noticed Crazy Yiuf
  2530 | D:2      | Reached XP level 4. HP: 27/27 MP: 3/9
  3006 | D:2      | Killed Crazy Yiuf
  3007 | D:2      | Reached skill level 4 in Stealth
  3654 | D:3      | HP: 1/27 [something (1)]
  3655 | D:3      | Slain by an orc wizard

Illustrated notes

Levels and vault maps discovered:
D:1:      dpeg_chamrin_arrival_tetris, layout_basic
D:2:      layout_basic, uniq_crazy_yiuf_cottage
D:3:      layout_rooms, uniq_grinder, uniq_natasha

Skill      XL: |  1  2  3  4 |
---------------+-------------+-----
Stealth        | 3 4 |  4.3
Conjurations   | 2 |  2.0
Summonings     | 2 |  2.0
Dodging        | |  2.0
Spellcasting   | |  3.7
Translocations | |  1.0

Action                   |  1- 3 |  4- 6 || total
-------------------------+-------+-------++-------
Melee: Dagger            |    47 |    12 ||    59
       Constrict         |    10 |     3 ||    13
       Tentacles         |     4 |     1 ||     5
       War axe           |       |     2 ||     2
 Cast: Magic Dart        |    97 |    29 ||   126
  Use: Scroll            |       |     1 ||     1
       Potion            |       |     1 ||     1
 Stab: Sleeping          |       |     1 ||     1
Armor: Skin              |     7 |       ||     7
Dodge: Dodged            |    44 |    16 ||    60
